Map: Orbital Shipyard

Players

Fury

  • Race: Zerg Zerg
  • League: Diamond

Hjax - Winner!

  • Race: Protoss Protoss
  • League: Master

VOD

Have the link to the VOD?

Description

Time

  • Played on: March 7, 2016, 6:22 p.m.
  • Length: 15:10
Show
View Real Time Build Order
Export as new Build Order

Fury Zerg 

Build Orders: 3 Hatch before Pool 

Get SALT Encoding   

  12  0:01  Drone  
  13  0:12  Overlord  
  13  0:17  Drone  
  14  0:24  Drone, Extractor  
  15  0:31  Drone  
  17  0:35  Drone  
  17  0:54  Hatchery  
  17  0:56  Drone  
  17  1:01  Drone  
  17  1:02  Extractor  
  17  1:07  Drone  
  19  1:26  Hatchery  
  18  1:38  Spawning Pool  
  17  1:46  Extractor  
  16  1:48  Drone x2  
  18  2:09  Hatchery  
  17  2:25  Zergling x6  
  17  2:27  Zergling x4  
  23  2:40  Queen  
  23  2:42  Roach Warren  
  23  2:43  Overlord  
  24  2:59  Spine Crawler, Drone x3  
  27  3:05  Drone  
  27  3:16  Drone  
  29  3:37  Drone x2  
  31  3:43  Spine Crawler  
  35  3:55  Roach x3  
  35  3:56  Roach  
  35  4:01  Drone x3  
  39  4:17  Spine Crawler  
  39  4:20  Queen  
  40  4:25  Ravager  
  40  4:28  Overlord  
  40  4:29  Overlord  
  41  4:31  Overlord x2  
  41  4:37  Spine Crawler  
  40  4:38  Spine Crawler  
  39  4:46  Ravager  
  40  5:01  Queen  
  40  5:06  Spine Crawler  
  41  5:24  Roach x3  
  41  5:25  Roach x4  
  40  5:58  Queen  
  40  6:03  Ravager x2  
  40  6:06  Zergling x14  
  41  6:26  Metabolic Boost  
  36  6:44  Roach  
  35  7:02  Roach x2  
  39  7:27  Ravager  
  40  7:31  Drone x3  
  40  7:44  Roach x2  
  40  7:49  Extractor  
  40  7:51  Drone  
  44  8:00  Queen  
  43  8:18  Roach x4  
  46  8:24  Zergling x4  
  46  8:25  Zergling x6  
  37  8:51  Roach  
  37  8:52  Roach x4  
  5  10:12  Drone  
  6  10:17  Drone  
  7  11:03  Hatchery  
  6  11:07  Hatchery  
  7  12:12  Hatchery  
  1  13:34  Extractor  
Show
View Real Time Build Order
Export as new Build Order

Hjax Protoss - Winner!

Build Orders:  

Get SALT Encoding   

  12  0:01  Probe (Chrono Boost)  
  13  0:11  Probe (Chrono Boost)  
  14  0:18  Pylon  
  14  0:23  Probe (Chrono Boost)  
  15  0:36  Probe (Chrono Boost)  
  15  0:37  Forge  
  16  0:47  Probe (Chrono Boost)  
  17  1:13  Pylon  
  17  1:33  Photon Cannon  
  17  1:41  Pylon  
  17  1:52  Pylon  
  17  2:03  Photon Cannon  
  17  2:04  Photon Cannon  
  17  2:05  Photon Cannon  
  17  2:07  Gateway  
  17  2:08  Pylon  
  17  2:12  Photon Cannon  
  17  2:21  Probe (Chrono Boost)  
  18  2:23  Assimilator  
  18  2:32  Probe (Chrono Boost)  
  19  2:39  Pylon  
  19  2:41  Photon Cannon  
  19  2:45  Probe (Chrono Boost)  
  19  2:57  Photon Cannon  
  19  2:59  Cybernetics Core  
  19  3:04  Pylon  
  19  3:09  Zealot (Chrono Boost)  
  21  3:25  Gateway  
  21  3:31  Probe  
  22  3:36  Stalker (Chrono Boost)  
  24  3:56  Photon Cannon  
  24  4:02  Stalker (Chrono Boost)  
  26  4:18  Stalker (Chrono Boost)  
  26  4:27  Probe  
  26  4:28  Stalker (Chrono Boost)  
  29  4:54  Stalker (Chrono Boost)  
  31  5:01  Photon Cannon  
  31  5:02  Photon Cannon  
  31  5:05  Pylon  
  31  5:22  Stalker (Chrono Boost)  
  31  5:25  Warp Gate (Chrono Boost)  
  33  5:30  Photon Cannon x2  
  31  6:01  Stalker  
  31  6:02  Stalker  
  31  6:03  Probe  
  35  6:16  Photon Cannon  
  35  6:17  Pylon, Photon Cannon  
  29  6:30  Photon Cannon  
  29  6:43  Photon Cannon  
  29  6:44  Probe, Photon Cannon  
  30  6:47  Assimilator  
  30  6:48  Photon Cannon  
  29  7:09  Probe  
  29  7:15  Photon Cannon  
  30  7:19  Photon Cannon  
  30  7:22  Photon Cannon  
  30  7:26  Stalker  
  30  7:29  Stalker  
  34  7:50  Stalker  
  32  8:00  Stalker  
  32  8:15  Stalker  
  34  8:31  Stalker  
  34  8:52  Stalker  
  34  8:53  Probe  
  35  9:04  Stalker  
  37  9:19  Stalker  
  39  9:29  Stalker  
  41  9:45  Stalker  
  43  9:55  Probe  
  43  9:59  Robotics Facility  
  44  10:11  Stalker  
  44  10:12  Stalker  
  49  10:14  Probe  
  49  10:26  Probe  
  50  10:35  Stalker  
  50  10:36  Stalker  
  52  11:19  Stalker x2  
  56  11:50  Nexus  
  54  12:14  Stalker x2  
  58  12:24  Probe  
  59  13:39  Stalker x2  
Tags
 
Add a new tag
Caveats
  • Supply blocks, unpowered buildings, or Contaminate may cause inaccurate times.
  • Supply counts are checked every 10 seconds.